 Dungeon Crawl Stone Soup version 0.27-a0-650-g8dd3ea4f36 (webtiles) character file.

Game seed: 13224393841738669222

1447631 Lasty the Ruinous (level 25, 162/162 HPs)
             Began as a Deep Elf Necromancer on Mar 15, 2021.
             Was the Champion of Ru.
             Escaped with the Orb
             ... and 3 runes!
             The game lasted 04:51:11 (109531 turns).

Lasty the Ruinous (Deep Elf Necromancer)          Turns: 109531, Time: 04:51:12

Health: 162/162    AC: 10    Str:  5    XL:     25
Magic:  34/58      EV: 27    Int: 43    God:    Ru [******]
Gold:   4180       SH:  9    Dex: 24    Spells: 15/64 levels left

rFire    + . .     SeeInvis .   a - staff of conjuration
rCold    + . .     Faith    .   B - +3 warlock's mirror {reflect}
rNeg     + . .     Spirit   .   O - +2 robe of Vines {NoPotionHeal Regen+++}
rPois    +         Reflect  +   S - +0 hat "Xeerojar" {rC+ Int+4}
rElec    +         Harm     .   A - scarf {repulsion}
rCorr    .         Rampage  .   D - +2 pair of gloves
Will     ++...                  w - +2 pair of boots {Stlth+}
Stlth    ++........             k - amulet of the Crown {Acrobat rN+ Will+ Int+6}
HPRegen  3.37/turn              p - ring "Buluppur" {rElec rPois rF+}
MPRegen  0.36/turn              Z - ring "Pitopyem" {+Fly rElec Will- MP+9 Dex+9}

@: studying 3 skills, repel missiles
A: hated by all, inability to train armour, unskilled 1, inexperienced 1,
deterioration 1
0: Orb of Zot
}: 3/15 runes: serpentine, barnacled, silver
a: Renounce Religion, Evoke Flight, Draw Out Power, Power Leap, Apocalypse


You escaped.
You worshipped Ru.
Ru was exalted by your worship.
You visited 10 branches of the dungeon, and saw 50 of its levels.
You visited 1 bazaar.
You also visited: Trove, Sewer, Ossuary, Ice Cave and Volcano.

You collected 8529 gold pieces.
You spent 4349 gold pieces at shops.


Innate Abilities, Weirdness & Mutations

You are hated by all.
You cannot train Armour skill.
You are somewhat unskilled. (-1 Apt)
You are somewhat inexperienced. (-2 XL)
Your body sometimes deteriorates upon taking damage.


   Skills:
 + Level 17.9 Fighting
 - Level 16.8 Dodging
 - Level 2.1 Stealth
 - Level 5.0 Shields
 - Level 20.0 Spellcasting
 + Level 26.1 Conjurations
 - Level 12.0 Necromancy
 - Level 24.0 Fire Magic
 - Level 11.3 Ice Magic
 - Level 6.0 Air Magic
 - Level 6.0 Evocations


You had 15 spell levels left.
You knew the following spells:

 Your Spells              Type           Power      Damage    Failure   Level
b - Blink                 Tloc           N/A        N/A       1%          2
d - Vampiric Draining     Necr           49%        2d13      0%          3
e - Starburst             Conj/Fire      78%        8x6d20    0%          6
g - Ozocubu's Refrigerat  Ice            48%        4d14      4%          7
q - Orb of Destruction    Conj           79%        9d19      0%          7
r - Freezing Cloud        Conj/Ice/Air   64%        6-21      1%          6
t - Fireball              Conj/Fire      78%        3d29      0%          5
w - Bolt of Magma         Conj/Fire/Erth 68%        4d26      0%          5
Q - Ignition              Fire           64%        3d17      1%          8

Your spell library contained the following spells:

 Spells                   Type           Power      Damage    Failure   Level
 Foxfire                  Conj/Fire      100%       2x1d9     0%          1
 Magic Dart               Conj           100%       1d8       0%          1
 Pain                     Necr           100%       1d9       0%          1
 Shock                    Conj/Air       100%       1d9       0%          1
 Searing Ray              Conj           100%       3d7       0%          2
 Sublimation of Blood     Necr           49%        N/A       0%          2
 Conjure Flame            Conj/Fire      100%       6-21      0%          3
 Dazzling Flash           Conj/Hex       100%       N/A       0%          3
 Inner Flame              Hex/Fire       98%        N/A       0%          3
 Ozocubu's Armour         Ice            96%        N/A       0%          3
 Static Discharge         Conj/Air       100%       N/A       0%          3
 Stone Arrow              Conj/Erth      100%       3d13      0%          3
 Hailstorm                Conj/Ice       100%       3d20      0%          4
 Sticky Flame             Conj/Fire      100%       2d11      0%          4
 Iskenderun's Battlesphe  Conj           100%       2d15      0%          5
 Apportation              Tloc           86%        N/A       1%          1
 Beastly Appendage        Tmut           86%        N/A       1%          1
 Corona                   Hex            47%        N/A       1%          1
 Sting                    Tmut/Pois      100%       1d8       1%          1
 Corpse Rot               Necr/Air       N/A        N/A       1%          2
 Ensorcelled Hibernation  Hex/Ice        100%       N/A       1%          2
 Passwall                 Tmut/Erth      35%        N/A       1%          2
 Slow                     Hex            43%        N/A       1%          2
 Swiftness                Air            76%        N/A       1%          2
 Wereblood                Tmut           43%        N/A       1%          2
 Confusing Touch          Hex            43%        N/A       1%          3
 Gell's Gravitas          Tloc           21%        N/A       1%          3
 Ignite Poison            Fire/Tmut/Pois 84%        N/A       1%          3
 Mephitic Cloud           Conj/Pois/Air  100%       N/A       1%          3
 Portal Projectile        Hex/Tloc       86%        N/A       1%          3
 Spider Form              Tmut/Pois      21%        N/A       1%          3
 Airstrike                Air            38%        N/A       1%          4
 Fulminant Prism          Conj/Hex       62%        3d27      1%          4
 Ice Form                 Ice/Tmut       75%        N/A       1%          4
 Iskenderun's Mystic Bla  Conj/Tloc      100%       2d19      1%          4
 Agony                    Necr           98%        N/A       1%          5
 Borgnjor's Vile Clutch   Necr/Erth      38%        N/A       1%          5
 Excruciating Wounds      Necr           49%        N/A       1%          5
 Irradiate                Conj/Tmut      62%        3d34      1%          5
 Lightning Bolt           Conj/Air       67%        1d91      1%          5
 Metabolic Englaciation   Hex/Ice        37%        N/A       1%          5
 Conjure Ball Lightning   Conj/Air       67%        3x3d25    1%          6
 Iron Shot                Conj/Erth      62%        9d12      1%          6
 Cause Fear               Hex            21%        N/A       4%          4
 Leda's Liquefaction      Hex/Erth       21%        N/A       4%          4
 Manifold Assault         Tloc           43%        N/A       4%          4
 Passage of Golubria      Tloc           N/A        N/A       4%          4
 Petrify                  Tmut/Erth      43%        N/A       4%          4
 Silence                  Hex/Air        31%        N/A       4%          5
 Alistair's Intoxication  Tmut/Pois      28%        N/A       14%         5
 Blade Hands              Tmut           21%        N/A       14%         5
 Yara's Violent Unravell  Hex/Tmut       21%        3d10      14%         5
 Dispersal                Tloc           21%        N/A       61%         6
 Eringya's Noxious Bog    Tmut/Pois      21%        N/A       61%         6
 Hydra Form               Tmut           21%        N/A       61%         6
 Invisibility             Hex            43%        N/A       61%         6
 Statue Form              Tmut/Erth      28%        N/A       61%         6
 Dragon Form              Tmut           21%        N/A       99%         7
 Discord                  Hex            21%        N/A       100%        8
 Disjunction              Tloc           21%        N/A       100%        8
 Shatter                  Erth           21%        3d19*     100%        9
 Tornado                  Air            38%        N/A       100%        9
 Animate Skeleton         Necr           Unusable   N/A       N/A         1
 Summon Small Mammal      Summ           Unusable   N/A       N/A         1
 Call Imp                 Summ           Unusable   N/A       N/A         2
 Call Canine Familiar     Summ           Unusable   N/A       N/A         3
 Summon Guardian Golem    Hex/Summ       Unusable   N/A       N/A         3
 Tukima's Dance           Hex            Unusable   N/A       N/A         3
 Animate Dead             Necr           Unusable   N/A       N/A         4
 Summon Ice Beast         Ice/Summ       Unusable   N/A       N/A         4
 Summon Lightning Spire   Summ/Air       Unusable   N/A       N/A         4
 Death Channel            Necr           Unusable   N/A       N/A         6
 Simulacrum               Ice/Necr       Unusable   N/A       N/A         6
 Spellforged Servitor     Conj/Summ      Unusable   N/A       N/A         7
 Animate Armour           Summ/Erth      Unusable   N/A       N/A         4
 Summon Forest            Summ/Tloc      Unusable   N/A       N/A         5
 Summon Mana Viper        Hex/Summ       Unusable   N/A       N/A         5
 Shadow Creatures         Summ           Unusable   N/A       N/A         6
 Malign Gateway           Summ/Tloc      Unusable   N/A       N/A         7
 Summon Hydra             Summ           Unusable   N/A       N/A         7

Inventory:

Hand Weapons
 Y - the +8 mithril axe "Arga" {speed, Will+}
   (You took it off a yaktaur captain on level 5 of the Vaults)

   Attacks with this weapon are significantly faster.
   It affects your willpower, your defense against some magical effects.
Missiles
 K - 4 throwing nets (quivered)
 N - 16 curare-tipped darts
Armour
 d - a +3 leather armour of fire resistance
   (You found it in a volcano)
 w - a +2 pair of boots of stealth (worn)
   (You bought it in a shop in a bazaar)
 A - a scarf of repulsion (worn)
   (You found it on level 6 of the Dungeon)
 B - the +3 warlock's mirror (worn) {reflect}
   (You acquired it on level 5 of the Dungeon)
 C - the +2 pair of gloves "Yleymualo" {+Inv rF++ Int-2 Slay+2}
   (You found it on level 2 of the Snake Pit)

   It affects your intelligence (-2).
   It affects your accuracy and damage with ranged weapons and melee attacks
   (+2).
   It greatly protects you from fire.
   It lets you turn invisible.
 D - a +2 pair of gloves (worn)
 O - the +2 robe of Vines (worn) {NoPotionHeal Regen+++}
   (You bought it in a shop on level 2 of the Orcish Mines)

   It increases your rate of regeneration.
 S - the +0 hat "Xeerojar" (worn) {rC+ Int+4}
   (You found it in an ice cave)

   It affects your intelligence (+4).
   It protects you from cold.
 W - the +2 leather armour of the Salamander {+Inv MP+9}
   (You took it off an orc on level 5 of the Vaults)

   It affects your magic capacity (+9).
   It lets you turn invisible.
Magical Staves
 a - a staff of conjuration (weapon)
 b - a staff of fire
 P - a staff of cold
Jewellery
 k - the amulet of the Crown (around neck) {Acrobat rN+ Will+ Int+6}
   (You bought it in a shop in a bazaar)

   [amulet of the acrobat]

   It helps you evade while moving and waiting.
   It affects your intelligence (+6).
   It protects you from negative energy.
   It affects your willpower, your defense against some magical effects.
 l - the ring of Notzybof {rF+ Int+2}
   (You bought it in a shop in a bazaar)

   [ring of protection from fire]

   It affects your intelligence (+2).
   It protects you from fire.
 p - the ring "Buluppur" (right hand) {rElec rPois rF+}
   (You found it in an ice cave)

   [ring of poison resistance]

   It protects you from fire.
   It insulates you from electricity.
   It protects you from poison.
 t - the ring "Lecanuom" {rElec rPois rC+ rN+ Dex-5}
   (You found it in a treasure trove)

   [ring of poison resistance]

   It affects your dexterity (-5).
   It protects you from cold.
   It insulates you from electricity.
   It protects you from poison.
   It protects you from negative energy.
 y - a ring of fire
 U - a +4 ring of protection
 Z - the ring "Pitopyem" (left hand) {+Fly rElec Will- MP+9 Dex+9}
   (You took it off a deep elf death mage on level 3 of the Elven Halls)

   [ring of magical power]

   It affects your dexterity (+9).
   It insulates you from electricity.
   It affects your willpower, your defense against some magical effects.
   It affects your magic capacity (+9).
   It lets you fly.
Wands
 g - a wand of acid (46)
 i - a wand of paralysis (43)
 z - a wand of iceblast (29)
 J - a wand of digging (27)
 L - a wand of mindburst (100)
Scrolls
 c - 10 scrolls of fog
 e - 3 scrolls of brand weapon
 h - 26 scrolls of teleportation {!r}
 m - 4 scrolls of holy word {!r}
 o - 30 scrolls of identify
 q - 11 scrolls of immolation {!r}
 r - 15 scrolls of enchant weapon
 x - 10 scrolls of blinking
 F - 11 scrolls of enchant armour
 G - 2 scrolls of fear {!r}
 Q - 10 scrolls of vulnerability {!r!r}
 X - 2 scrolls of magic mapping {!r}
Potions
 f - 5 potions of cancellation {!q}
 j - 6 potions of invisibility {!q}
 n - 27 potions of curing
 s - 3 potions of magic {!q}
 u - 10 potions of brilliance {!q}
 v - 9 potions of haste {!q}
 H - 11 potions of heal wounds {!q}
 I - 17 potions of might {!q}
 M - 3 potions of resistance {!q}
 R - 11 potions of ambrosia
Miscellaneous
 E - a tin of tremorstones (2/2)
 T - a phial of floods
 V - a condenser vane


Message History

There is a stone staircase leading up here.
You climb upwards.
There is a stone staircase leading down here.
A hellion comes into view.
Aiming: Orb of Destruction (safe; 0% risk of failure)
Aim: a hellion The orb of destruction hits the hellion!!!!
You blow up the hellion!
(D) Dungeon (T) Temple (L) Lair (A) Shoals (P) Snake Pit (M) Slime Pits (O) Orcish Mines (E) Elven Halls (V) Vaults (C) Crypt (U) Depths (H) Hell (Z) Zot
Where to? (Enter - D:1 @ (x,y), ? - help)
What level of the Dungeon? (default 1, ? - help)
There is a stone staircase leading up here.
You climb upwards.
There is a stone staircase leading down here.
An infernal demonspawn comes into view. It is wielding a +0 trident.
The infernal demonspawn shouts!
Aiming: Bolt of Magma (safe; 0% risk of failure)
Aim: an infernal demonspawn, wielding a +0 trident and wearing a +0 scale mail (25% to evade)
The bolt of magma misses the infernal demonspawn.
Unknown command.
Unknown command.
Aiming: Bolt of Magma (safe; 0% risk of failure)
Aim: an infernal demonspawn, wielding a +0 trident and wearing a +0 scale mail (25% to evade)
The bolt of magma misses the infernal demonspawn.
The infernal demonspawn hits you but does no damage.
Unknown command.
Aiming: Orb of Destruction (safe; 0% risk of failure)
Aim: an infernal demonspawn, wielding a +0 trident and wearing a +0 scale mail You block the infernal demonspawn's attack.
Aiming: Bolt of Magma (safe; 0% risk of failure)
Aim: an infernal demonspawn, wielding a +0 trident and wearing a +0 scale mail (ally target, 25% to evade)
The bolt of magma misses the infernal demonspawn.
The orb of destruction hits the infernal demonspawn!!!
You blow up the infernal demonspawn!
Unknown command.
Things that are here:
a +0 trident; a +0 scale mail There's nothing to close nearby.
Unknown command.
Aiming: Dig A rock wall, spattered with blood.
This square is covered in magical glow.
The rock shatters into small pieces.
An Orb Guardian comes into view.
There is a staircase leading out of the dungeon here.
Okay, then.
You have escaped!

#......⌠.......⌠......#..... #
#####...................##.####
###...##..⌠...⌠...⌠...⌠..###.####
....#####...............## #.##..
##### ##.⌠....⌠....⌠.#####.##.. #
###...........##.........
####.##..⌠...⌠..##.#.....#..
##....###.......##....#######
#####..#######..@..##.........###
......#####..##.>.#.....####.....
.########...#######.).X.###......
## #....#######..##..#.....####
####.###...............##### #
##....# #....###......### #..####
####..##.##.### ##.## ##.#..#..#
....# #.......##


You could see an Orb Guardian.

Vanquished Creatures
  6 ancient liches
  4 dread liches
  4 orbs of fire
  A juggernaut (Depths:2)
  Sojobo (Depths:4)
  4 Killer Klowns
  2 curse toes (Zot:4)
  A pandemonium lord (Depths:4)
  Saint Roka (Vaults:1)
  4 caustic shrikes (Depths:5)
  Nikola (Depths:1)
  10 golden dragons
  A bone dragon (Zot:4)
  5 electric golems
  A Tzitzimitl (D:15)
  An Ice Fiend (IceCv)
  15 tentacled monstrosities
  25 Orb Guardians
  4 titans (Vaults:5)
  2 deep elf blademasters (Elf:3)
  7 quicksilver dragons
  A kraken (Shoals:2)
  3 tentacled starspawn (Depths:4)
  Polyphemus (Shoals:3)
  5 death cobs
  10 sphinxes
  Gastronok (D:8)
  Agnes (Snake:3)
  2 deep elf master archers (Elf:3)
  3 Executioners
  9 tengu reavers
  Donald (Elf:2)
  A revenant (Vaults:3)
  13 shadow dragons
  14 storm dragons
  Ilsuiw (Shoals:3)
  9 nagarajas
  8 draconian monks
  6 fire giants
  7 deep elf sorcerers
  8 draconian scorchers
  12 frost giants
  3 draconian knights
  4 iron dragons
  Louise (Depths:3)
  4 ghost moths
  Aizul (Snake:3)
  8 draconian shifters
  An orc warlord (Orc:1)
  13 draconian stormcallers
  5 deep elf elementalists (Elf:3)
  16 ironbound preservers
  A cacodemon (Depths:5)
  16 vault wardens
  3 spriggan defenders
  8 draconian annihilators
  27 very ugly things
  A war gargoyle (Vaults:5)
  4 vampire knights
  18 stone giants
  15 green draconians
  7 deep elf demonologists
  Nessos (D:12)
  2 starcursed masses (Depths:4)
  4 entropy weavers
  9 black draconians
  19 purple draconians
  11 red draconians
  4 deep elf annihilators (Elf:3)
  9 white draconians
  2 dire elephants
  7 spark wasps
  19 yellow draconians
  An eidolon (Elf:1)
  12 ettins
  A blizzard demon (D:13)
  11 merfolk impalers
  4 deep elf death magi
  12 great orbs of eyes
  6 merfolk javelineers
  7 deep elf high priests
  14 fire dragons
  40 vault guards
  19 yaktaur captains
  7 hydras
  6 rakshasas
  9 ice dragons
  4 boulder beetles
  2 peacekeepers
  An ice dragon (shapeshifter) (Vaults:5)
  14 ironbound thunderhulks
  5 catoblepae
  3 alligator snapping turtles
  5 spriggan air magi
  2 anacondas
  9 naga warriors
  3 centaur warriors
  8 ironbound frosthearts
  2 merfolk avatars (Shoals:2)
  5 merfolk aquamancers
  26 dancing weapons
  6 tengu warriors
  3 hell hogs
  10 two-headed ogres
  2 satyrs
  8 deep troll shamans
  3 orc high priests (Orc:1)
  10 shock serpents
  14 naga sharpshooters
  4 spriggan berserkers
  A soul eater (Depths:4)
  4 vampire magi
  15 deep troll earth magi
  A thrashing horror (Depths:4)
  4 spriggans
  6 hell knights
  14 death yaks
  22 deep elf knights
  4 ironbound beastmasters
  15 iron trolls
  A fire crab (Elf:1)
  6 salamander mystics
  A titan skeleton (Depths:4)
  3 skeletal warriors
  2 unseen horrors
  19 sea snakes
  A deep troll (shapeshifter) (Vaults:5)
  4 flayed ghosts
  6 naga ritualists
  A tengu zombie (Depths:4)
  6 glowing orange brains
  11 deep elf archers
  44 deep trolls
  9 phantasmal warriors
  6 wizards
  17 ironbound convokers
  An infernal demonspawn (D:1)
  8 lindwurms
  32 deep elf pyromancers
  Pikel (D:6)
  16 harpies
  22 deep elf zephyrmancers
  8 orc knights
  A mana viper (shapeshifter) (Vaults:1)
  2 large abominations
  29 ugly things
  2 orc sorcerers
  2 wolf spiders
  6 necromancers
  A frost giant zombie (Depths:3)
  A fire giant zombie (Depths:3)
  11 mana vipers
  2 wolf spider zombies
  An oklob plant (Snake:3)
  3 centaur zombies
  A shadow dragon skeleton (Depths:3)
  13 cyclopes
  24 salamanders
  16 manticores
  9 fauns
  3 elephants
  3 rust devils
  30 naga magi
  2 worldbinders (Depths:4)
  24 moths of wrath
  An ice statue (IceCv)
  14 vault sentinels
  Joseph (D:10)
  7 merfolk sirens
  20 black mambas
  5 water nymphs
  3 molten gargoyles
  A smoke demon (Depths:4)
  4 torpor snails
  10 cane toads
  2 gargoyles
  10 komodo dragons
  An orange demon (Depths:5)
  A hellion (D:2)
  10 rime drakes
  4 freezing wraiths
  29 yaktaurs
  5 kobold demonologists
  5 ice devils
  2 golden dragon simulacra (IceCv)
  2 tormentors
  A red devil (D:15)
  25 merfolk
  A polar bear (shapeshifter) (Depths:3)
  A guardian mummy (Zot:4)
  3 anaconda simulacra (IceCv)
  An elf skeleton (Depths:4)
  A jumping spider (Vaults:2)
  3 meliai (D:13)
  A queen bee (Lair:2)
  7 polar bears
  10 wind drakes
  8 trolls
  7 hornets
  A wolf spider simulacrum (IceCv)
  2 raiju (Elf:1)
  17 blink frogs
  15 dream sheep
  A snapping turtle (shapeshifter) (Depths:1)
  35 slime creatures
  14 snapping turtles
  23 water elementals
  3 air elementals
  5 centaur simulacra
  A dire elephant simulacrum (IceCv)
  2 redbacks (Vaults:2)
  A shadow (D:13)
  6 vampires
  60 yaks
  A tarantella (shapeshifter) (D:14)
  2 wraiths
  A redback (shapeshifter) (Vaults:5)
  4 fire bats (Volcano)
  9 wyverns
  A wyvern (shapeshifter) (D:8)
  A hog (Elf:1)
  A yak (shapeshifter) (D:13)
  2 golden eyes (Elf:1)
  5 fire elementals
  8 basilisks
  5 steam dragons
  A death yak simulacrum (IceCv)
  45 nagas
  7 vampire mosquitoes
  2 harpy simulacra (IceCv)
  3 acid dragons
  7 hydra simulacra
  18 water moccasins
  3 iron troll simulacra (IceCv)
  4 soldier ants
  10 hell hounds
  A floating eye (shapeshifter) (Depths:4)
  2 floating eyes
  2 sky beasts
  3 ettin simulacra
  5 ice beasts
  45 orc warriors
  An alligator simulacrum (IceCv)
  A sky beast (shapeshifter) (Vaults:5)
  4 black bears
  10 ogres
  5 necrophages
  5 wolves (Lair:2)
  17 centaurs
  A lemure (D:6)
  5 phantoms
  4 kobold brigands
  27 bullfrogs
  5 earth elementals
  2 wyvern skeletons
  2 scorpions
  31 killer bees
  7 wights
  9 howler monkeys
  A vampire bat (Elf:1)
  5 electric eels
  4 lava snakes
  A quasit (D:8)
  A draconian simulacrum (IceCv)
  A bullfrog zombie (D:12)
  5 hounds
  4 jellies
  3 centaur skeletons
  18 orc priests
  3 iron imps (D:9)
  Terence (D:3)
  4 iguanas
  21 orc wizards
  6 hell rats
  4 lightning spires (Elf:1)
  2 polar bear simulacra (IceCv)
  A spriggan simulacrum (IceCv)
  9 worker ants
  6 troll simulacra (IceCv)
  A killer bee zombie (D:8)
  A wolf simulacrum (IceCv)
  3 mummies (Ossuary)
  3 worker ant zombies
  7 gnolls
  2 ogre simulacra (IceCv)
  22 adders
  5 naga simulacra (IceCv)
  A river rat (Lair:2)
  A shadow imp (D:7)
  7 white imps
  9 oozes (Sewer)
  3 adder skeletons
  7 worms
  5 dart slugs
  14 leopard geckos
  95 orcs
  13 giant cockroaches
  A gnoll zombie (Ossuary)
  3 goblins
  4 hobgoblins
  8 jackals
  30 kobolds
  8 quokkas
  11 ball pythons
  7 bats
  10 frilled lizards
  4 goblin zombies (Ossuary)
  3 kobold zombies (Ossuary)
  A quokka skeleton (D:7)
  8 rats
  2 starspawn tentacles (Depths:4)
2379 creatures vanquished.

Vanquished Creatures (collateral kills)
  A molten gargoyle (Volcano)
  A yak (Lair:2)
  A bullfrog (Sewer)
  A killer bee (Lair:2)
  A hell rat (Lair:2)
  An adder (Sewer)
  A leopard gecko (Sewer)
  A ball python (Sewer)
  A giant cockroach (Sewer)
  2 frilled lizards (Sewer)
  A kobold (D:11)
12 creatures vanquished.

Vanquished Creatures (others)
  A juggernaut (Depths:5)
  A tentacled monstrosity (Zot:2)
  An Orb Guardian (Zot:5)
  A storm dragon (Zot:1)
  A fire giant (D:15)
  A draconian scorcher (Zot:4)
  A draconian knight (Zot:1)
  An orc warlord (Vaults:3)
  A purple draconian (Zot:4)
  A fire dragon (Depths:1)
  A yaktaur captain (Vaults:4)
  An ogre mage (D:15)
  A catoblepas (Lair:6)
  A hydra (Lair:3)
  A death yak (Lair:5)
  A deep elf knight (Elf:1)
  A salamander (D:15)
  3 black mambas
  A blink frog (Lair:2)
  A snapping turtle (Lair:2)
  A water elemental (Shoals:1)
  5 yaks
  A wyvern (D:15)
  A fire elemental (Elf:1)
  A hornet zombie (D:12)
  A kobold brigand (D:12)
  A bullfrog zombie (D:12)
  2 orc priests
  A worker ant (D:12)
  5 white imps (IceCv)
  3 ufetubi
  3 orcs
  22 fungi
  248 plants
  2 starspawn tentacles (Depths:4)
  4 tentacles (Shoals:2)
323 creatures vanquished.

Grand Total: 2714 creatures vanquished

Notes
Turn   | Place    | Note
-------+----------+-------------------------------------------
     0 | D:1      | Lasty the Deep Elf Necromancer began the quest for the Orb.
     0 | D:1      | Reached XP level 1. HP: 10/10 MP: 6/6
   105 | D:1      | Reached skill level 5 in Necromancy
   332 | D:1      | Reached XP level 2. HP: 10/15 MP: 6/8
  1022 | D:1      | Learned a level 1 spell: Animate Skeleton
  1388 | D:2      | Reached skill level 6 in Necromancy
  1413 | D:2      | Reached XP level 3. HP: 17/19 MP: 7/9
  1977 | D:2      | Learned a level 3 spell: Vampiric Draining
  2441 | D:2      | Found an opulent altar of Gozag.
  2490 | D:2      | Reached XP level 4. HP: 22/24 MP: 7/10
  2554 | D:2      | Reached skill level 7 in Necromancy
  3086 | D:3      | Reached XP level 5. HP: 12/28 MP: 9/11
  3666 | D:3      | Learned a level 5 spell: Agony
  3746 | D:3      | Found a snail-covered altar of Cheibriados.
  3896 | D:3      | Found a shadowy altar of Dithmenos.
  3899 | D:3      | Noticed Terence
  3922 | D:3      | Killed Terence
  4436 | D:4      | You fall into a shaft and drop 2 floors!
  4575 | D:5      | Entered Level 5 of the Dungeon
  4615 | D:5      | Identified a scroll of acquirement
  4615 | D:5      | Acquired the +3 warlock's mirror {reflect}
  4616 | D:5      | Found the +3 warlock's mirror {reflect}
  4630 | D:5      | Reached skill level 3 in Dodging
  4634 | D:5      | Reached skill level 1 in Fighting
  4653 | D:5      | Reached XP level 6. HP: 18/34 MP: 0/13
  4709 | D:5      | Noticed an ice beast
  4717 | D:5      | Killed an ice beast
  4718 | D:5      | Reached skill level 1 in Shields
  4762 | D:5      | Reached skill level 2 in Shields
  4817 | D:5      | Found a glowing drain.
  4821 | Sewer    | Entered a sewer
  4993 | Sewer    | Reached skill level 3 in Shields
  5025 | Sewer    | Reached XP level 7. HP: 32/38 MP: 6/14
  5115 | Sewer    | Reached skill level 4 in Shields
  5215 | D:5      | Found a sand-covered staircase.
  5219 | Ossuary  | Entered an ossuary
  5219 | Ossuary  | Noticed a wraith
  5219 | Ossuary  | Noticed a wraith
  5219 | Ossuary  | Noticed a wraith
  5302 | Ossuary  | Noticed a wraith
  5444 | Ossuary  | HP: 10/38 [mummy (13)]
  5468 | Ossuary  | Acquired a staff of death
  5966 | Ossuary  | --sorry ring, I don't want that wraith
  6261 | D:5      | Found a staircase to the Ecumenical Temple.
  6274 | Temple   | Entered the Ecumenical Temple
  6281 | Temple   | Became a worshipper of Ru the Awakened
  6707 | D:4      | Found Ganuamaq's Assorted Antiques.
  6799 | D:5      | HP: 7/38 [phantom (6)]
  6847 | D:5      | HP: 9/38 [phantom (3)]
  6861 | D:5      | HP: 7/38 [phantom (4)]
  6953 | D:5      | HP: 8/38 [phantom (10)]
  7204 | D:4      | Bought a scroll labelled LICEXZ JOIV for 20 gold pieces
  7204 | D:4      | Bought a lumpy cyan potion for 18 gold pieces
  7204 | D:4      | Bought a crude great sword for 230 gold pieces
  7204 | D:4      | Identified the +1 great sword of Cafiuxosoci {spect, *Noise
                  | Str+9 Int+2 SInv} (You bought it in a shop on level 4 of
                  | the Dungeon)
  7381 | D:4      | Reached skill level 5 in Shields
  7483 | D:4      | You fall into a shaft and drop 1 floor!
  7590 | D:4      | Found a broken altar of Ashenzari.
  7972 | D:4      | Reached skill level 4 in Dodging
  8180 | D:4      | Found a stormy altar of Qazlal.
  8379 | D:6      | Reached skill level 2 in Fighting
  8379 | D:6      | Reached XP level 8. HP: 39/44 MP: 11/15
  8433 | D:6      | HP: 13/44 [lemure[Pikel] (4)]
  8482 | D:6      | HP: 13/44 [lemure[Pikel] (6)]
  8789 | D:6      | Found a glowing silver altar of Zin.
  8913 | D:6      | HP: 13/45 [ogre/+0 giant club (15)]
  8916 | D:6      | Reached skill level 3 in Fighting
  8916 | D:6      | Reached skill level 5 in Dodging
  8933 | D:6      | --wow
  9277 | D:6      | Gained mutation: You cannot train Armour skill. [Ru
                  | sacrifice]
  9277 | D:6      | Reached * piety under Ru
  9474 | D:6      | Found a runed translucent door.
  9475 | D:6      | Noticed AtlasWard's ghost (novice MfWr)
  9868 | D:6      | Noticed Pikel
  9869 | D:6      | --oh, huh
  9910 | D:6      | Killed Pikel
  9911 | D:6      | Reached skill level 4 in Fighting
  9911 | D:6      | Reached skill level 6 in Dodging
  9915 | D:6      | Reached skill level 7 in Dodging
  9928 | D:6      | --wow
 10136 | D:6      | --motherfucker
 10266 | D:7      | Reached XP level 9. HP: 38/52 MP: 16/16
 10416 | D:7      | Reached skill level 5 in Fighting
 10430 | D:7      | Noticed a troll
 10437 | D:7      | Killed a troll
 10438 | D:7      | Reached skill level 8 in Dodging
 10445 | D:7      | Identified the +8 trident "Ozeaffo" {vorpal, rElec rN+}
 10457 | D:7      | Reached skill level 9 in Dodging
 10464 | D:7      | --wee
 10642 | D:7      | Reached skill level 10 in Dodging
 10669 | D:7      | Reached skill level 11 in Dodging
 10958 | D:7      | Found a sparkling altar of Nemelex Xobeh.
 10986 | D:7      | Reached skill level 12 in Dodging
 11097 | D:7      | Found a radiant altar of Vehumet.
 11364 | D:8      | Reached skill level 13 in Dodging
 11514 | D:8      | Noticed Gastronok
 12005 | D:7      | Gained mutation: You are somewhat inexperienced. (-2 XL)
                  | [Ru sacrifice]
 12005 | D:7      | Reached XP level 8. HP: 49/49 MP: 24/24
 12005 | D:7      | Reached XP level 7. HP: 44/44 MP: 23/23
 12005 | D:7      | Reached ** piety under Ru
 12005 | D:7      | Reached *** piety under Ru
 12039 | D:8      | Reached skill level 14 in Dodging
 12039 | D:8      | Reached XP level 8. HP: 38/49 MP: 15/15
 12359 | D:8      | Reached skill level 15 in Dodging
 12509 | D:8      | Killed Gastronok
 12510 | D:8      | Reached skill level 17 in Dodging
 12510 | D:8      | Reached XP level 9. HP: 31/54 MP: 16/16
 13296 | D:9      | Found an ancient bone altar of Kikubaaqudgha.
 13336 | D:9      | Reached XP level 10. HP: 38/59 MP: 9/17
 13341 | D:9      | Learned a level 4 spell: Animate Dead
 13623 | D:9      | Found a white marble altar of Elyvilon.
 13934 | D:9      | Found a glowing golden altar of the Shining One.
 14085 | D:9      | Found a burning altar of Makhleb.
 14098 | D:9      | Reached skill level 18 in Dodging
 14605 | D:10     | Entered Level 10 of the Dungeon
 14896 | D:10     | Found an iron altar of Okawaru.
 14902 | D:10     | Gained mutation: You are somewhat unskilled. (-1 Apt) [Ru
                  | sacrifice]
 14902 | D:10     | Reduced skill Fighting to level 4
 14902 | D:10     | Reduced skill Dodging to level 16
 14902 | D:10     | Reduced skill Shields to level 4
 14902 | D:10     | Reached **** piety under Ru
 14902 | D:10     | Reached ***** piety under Ru
 15096 | D:10     | Noticed Joseph
 15126 | D:10     | Killed Joseph
 15416 | D:10     | Reached skill level 4 in Spellcasting
 15569 | D:10     | Noticed a two-headed ogre
 15582 | D:10     | Killed a two-headed ogre
 15900 | D:11     | Noticed a two-headed ogre
 15911 | D:11     | Killed a two-headed ogre
 16021 | D:11     | Reached skill level 5 in Fighting
 16021 | D:11     | Reached skill level 5 in Shields
 16039 | D:11     | Reached skill level 5 in Spellcasting
 16206 | D:11     | Identified the +2 ring mail of the Cockroach {rC+}
 16296 | D:11     | Noticed a boulder beetle
 16319 | D:11     | Noticed a manticore
 16331 | D:11     | Killed a manticore
 16332 | D:11     | Reached skill level 8 in Necromancy
 16344 | D:11     | Noticed an unseen horror
 16358 | D:11     | Killed an unseen horror
 16359 | D:11     | Reached XP level 11. HP: 57/64 MP: 4/21
 16476 | D:11     | Reached skill level 6 in Spellcasting
 16643 | D:11     | --shit
 17051 | D:11     | Killed a boulder beetle
 17126 | D:11     | Identified the +11 falchion "Nicur" {drain, rElec rC- rN+
                  | Dex+2}
 17145 | D:11     | --wow
 17369 | D:11     | Reached skill level 9 in Necromancy
 17597 | D:11     | Reached skill level 7 in Spellcasting
 17645 | D:11     | Reached skill level 6 in Fighting
 17707 | D:11     | Found a staircase to the Lair.
 17845 | Lair:1   | Entered Level 1 of the Lair of Beasts
 17941 | D:11     | HP: 16/64 [yak (10)]
 17949 | D:11     | Reached skill level 8 in Spellcasting
 18217 | Lair:1   | Reached skill level 10 in Necromancy
 18875 | Lair:1   | Reached skill level 9 in Spellcasting
 19478 | Lair:2   | Found a staircase to the Snake Pit.
 19589 | Lair:2   | Noticed a death yak
 19594 | Lair:2   | Reached XP level 12. HP: 61/70 MP: 27/27
 19921 | Lair:2   | Noticed a six-headed hydra
 19979 | Lair:2   | Killed a six-headed hydra
 19980 | Lair:2   | Reached skill level 10 in Spellcasting
 19980 | Lair:2   | Reached skill level 11 in Necromancy
 20257 | Lair:2   | Killed a death yak
 20464 | Lair:2   | Noticed a death yak
 20465 | Lair:2   | Noticed a death yak
 20492 | Lair:1   | Killed a death yak
 20493 | Lair:1   | Reached skill level 11 in Spellcasting
 20552 | Lair:2   | Killed a death yak
 20684 | Lair:2   | Reached skill level 12 in Necromancy
 20820 | Lair:2   | Learned a level 4 spell: Summon Ice Beast
 20977 | Lair:2   | Reached skill level 1 in Summonings
 20985 | Lair:2   | Reached skill level 1 in Ice Magic
 20985 | Lair:2   | Reached skill level 1 in Evocations
 21312 | Lair:2   | --yay
 21318 | Lair:2   | Learned a level 5 spell: Fireball
 21397 | Lair:2   | Found a staircase to the Shoals.
 21796 | Lair:3   | Reached skill level 2 in Summonings
 21953 | Lair:3   | Reached skill level 2 in Ice Magic
 21953 | Lair:3   | Reached skill level 2 in Evocations
 22101 | Lair:3   | Reached skill level 1 in Fire Magic
 22104 | Lair:3   | Reached skill level 1 in Conjurations
 22632 | Lair:3   | Reached XP level 13. HP: 67/74 MP: 24/30
 23548 | Lair:4   | Reached skill level 12 in Spellcasting
 23568 | Lair:4   | Reached skill level 2 in Fire Magic
 23596 | Lair:4   | Found a dark tunnel.
 23608 | Volcano  | Entered a volcano
 23694 | Volcano  | Found a radiant altar of Vehumet.
 23697 | Volcano  | Reached skill level 2 in Conjurations
 23697 | Volcano  | Reached skill level 3 in Summonings
 23699 | Volcano  | Reached skill level 3 in Evocations
 23700 | Volcano  | Reached skill level 3 in Ice Magic
 24027 | Volcano  | Noticed a fire dragon
 24033 | Volcano  | Killed a fire dragon
 24380 | Lair:4   | Reached skill level 3 in Fire Magic
 24384 | Lair:4   | Reached skill level 3 in Conjurations
 25114 | Lair:5   | Reached skill level 4 in Summonings
 25241 | Lair:5   | Reached skill level 4 in Ice Magic
 25241 | Lair:5   | Reached skill level 4 in Evocations
 25986 | Lair:5   | Gained mutation: You are hated by all. [Ru sacrifice]
 25986 | Lair:5   | Reduced skill Summonings to level 0
 25986 | Lair:5   | Reached ****** piety under Ru
 25987 | Lair:5   | --fiiiine
 26041 | Lair:5   | Reached skill level 4 in Fire Magic
 26043 | Lair:5   | Reached skill level 4 in Conjurations
 26200 | Lair:5   | Found a staircase to the Slime Pits.
 26264 | Lair:5   | Learned a level 6 spell: Freezing Cloud
 26272 | Lair:5   | Learned a level 7 spell: Ozocubu's Refrigeration
 26288 | Lair:5   | Identified the +1 leather armour of the Elven Halls {rElec
                  | rC+ Will- Int+5}
 26951 | Lair:6   | Entered Level 6 of the Lair of Beasts
 26984 | Lair:5   | Reached skill level 5 in Ice Magic
 26984 | Lair:5   | Reached skill level 5 in Evocations
 27355 | Lair:6   | Reached skill level 5 in Conjurations
 27355 | Lair:6   | Reached skill level 5 in Fire Magic
 27649 | Lair:6   | Reached XP level 14. HP: 69/80 MP: 28/32
 28278 | Lair:6   | Reached skill level 6 in Ice Magic
 28504 | Lair:6   | Reached skill level 6 in Evocations
 28771 | Lair:6   | Reached skill level 6 in Conjurations
 28771 | Lair:6   | Reached skill level 6 in Fire Magic
 28848 | Lair:6   | Reached skill level 1 in Air Magic
 29055 | Lair:6   | Reached skill level 2 in Air Magic
 29312 | Lair:6   | Identified the +1 buckler of Zudus {Int+8}
 29650 | D:12     | Reached skill level 7 in Conjurations
 29652 | D:12     | Reached skill level 3 in Air Magic
 29879 | D:12     | Noticed Nessos
 29896 | D:12     | Killed Nessos
 29940 | D:12     | Reached skill level 4 in Air Magic
 30102 | D:12     | Found a staircase to the Orcish Mines.
 30423 | D:12     | Reached skill level 8 in Conjurations
 31055 | D:12     | Reached skill level 5 in Air Magic
 31731 | Orc:1    | Entered Level 1 of the Orcish Mines
 31731 | Orc:1    | Found Lakec's Armour Shop.
 31951 | Orc:2    | Entered Level 2 of the Orcish Mines
 32367 | Orc:2    | Found a staircase to the Elven Halls.
 32516 | Orc:2    | Reached skill level 9 in Conjurations
 32547 | Orc:2    | Found Cedwoidy's Magic Scroll Shoppe.
 32547 | Orc:2    | Found Witzam's Weapon Shop.
 32549 | Orc:2    | Found Zoux's Armour Boutique.
 32551 | Orc:2    | Found Miorr's Antique Armour Emporium.
 32769 | Orc:2    | Found Papsuoso's Assorted Antiques.
 32778 | Orc:2    | Bought a scroll of blinking for 240 gold pieces
 32778 | Orc:2    | Bought a hardcover book for 480 gold pieces
 33283 | Orc:1    | Noticed an orc warlord
 33342 | Orc:1    | Reached skill level 6 in Air Magic
 33628 | Orc:1    | Found a transporter.
 33703 | Orc:1    | Found a transporter.
 33900 | Orc:1    | Killed an orc warlord
 34081 | Orc:1    | Reached XP level 15. HP: 65/84 MP: 11/33
 34091 | Orc:1    | Reached skill level 10 in Conjurations
 35418 | D:14     | Reached skill level 11 in Conjurations
 36172 | D:14     | Found a gate to the Vaults.
 36198 | D:14     | Reached skill level 12 in Conjurations
 36605 | D:15     | Entered Level 15 of the Dungeon
 37191 | D:14     | Reached skill level 13 in Conjurations
 38430 | D:15     | Reached skill level 14 in Conjurations
 38506 | D:15     | --wow
 38694 | D:15     | Found a shimmering blue altar of Sif Muna.
 38994 | D:15     | Found a staircase to the Depths.
 39112 | D:15     | Found a runed translucent door.
 39114 | D:15     | Noticed a fire giant
 39397 | D:15     | Killed a fire giant
 39398 | D:15     | Reached XP level 16. HP: 70/88 MP: 6/34
 39518 | D:15     | Learned a level 5 spell: Bolt of Magma
 39526 | D:15     | Learned a level 7 spell: Orb of Destruction
 39759 | Snake:1  | Entered Level 1 of the Snake Pit
 39797 | Lair:2   | Upgraded the game from 0.27-a0-637-g3a9f0a9c12 to
                  | 0.27-a0-650-g8dd3ea4f36
 39828 | Shoals:1 | Entered Level 1 of the Shoals
 39932 | Shoals:1 | Reached skill level 15 in Conjurations
 40769 | Shoals:1 | Reached skill level 7 in Fighting
 41199 | Shoals:2 | Reached skill level 8 in Fighting
 41295 | Shoals:2 | Found a flickering gateway to a bazaar.
 41322 | Bazaar   | Entered a bazaar
 41418 | Bazaar   | Found Omyr Fap's Jewellery Shoppe.
 41419 | Bazaar   | Found Nysyug's Antique Armour Shoppe.
 41463 | Bazaar   | Found Datu's Distillery.
 41464 | Bazaar   | Found Egiyfef's General Store.
 41509 | Bazaar   | Bought the amulet of the Crown {Acrobat rN+ Will+ Int+6}
                  | for 534 gold pieces
 41509 | Bazaar   | Bought the ring of Notzybof {rF+ Int+2} for 325 gold pieces
 41532 | Bazaar   | Bought a potion of haste for 160 gold pieces
 41532 | Bazaar   | Bought a potion of might for 64 gold pieces
 41532 | Bazaar   | Bought a potion of heal wounds for 80 gold pieces
 41532 | Bazaar   | Bought a potion of haste for 160 gold pieces
 41532 | Bazaar   | Bought a potion of cancellation for 128 gold pieces
 41555 | Bazaar   | Bought a pair of runed boots for 240 gold pieces
 41645 | Shoals:2 | Noticed a kraken
 41665 | Shoals:2 | Killed a kraken
 42007 | Shoals:2 | Reached skill level 9 in Fighting
 43411 | Shoals:3 | Noticed Polyphemus
 43412 | Shoals:3 | --heeeeyyyy
 43426 | Shoals:3 | Killed Polyphemus
 43495 | Shoals:3 | Reached skill level 10 in Fighting
 43872 | Shoals:3 | Noticed Ilsuiw
 44047 | Shoals:3 | HP: 28/97 [alligator snapping turtle (40)]
 44047 | Shoals:3 | HP: 9/97 [merfolk impaler/+1 demon trident of venom (19)]
 44331 | Shoals:3 | Reached XP level 17. HP: 90/102 MP: 28/35
 44662 | Shoals:3 | Killed Ilsuiw
 45233 | Shoals:3 | Reached skill level 7 in Fire Magic
 45233 | Shoals:3 | Reached skill level 7 in Ice Magic
 45590 | Shoals:4 | Entered Level 4 of the Shoals
 46389 | Shoals:4 | Reached skill level 8 in Fire Magic
 46389 | Shoals:4 | Reached skill level 8 in Ice Magic
 46510 | Shoals:4 | Got a barnacled rune of Zot
 47281 | Shoals:4 | Identified the +5 scimitar of Taxation {freeze, rN+ Int+4}
 48139 | Snake:1  | Found Zoas's Distillery.
 48184 | Snake:1  | Bought a potion of might for 60 gold pieces
 48184 | Snake:1  | Bought a potion of might for 60 gold pieces
 48184 | Snake:1  | Bought a potion of haste for 150 gold pieces
 48184 | Snake:1  | Bought a potion of brilliance for 60 gold pieces
 48184 | Snake:1  | Bought a potion of brilliance for 60 gold pieces
 48184 | Snake:1  | Bought a potion of brilliance for 60 gold pieces
 48349 | Snake:1  | Found a broken altar of Ashenzari.
 48903 | Snake:2  | Found a frozen archway.
 48909 | IceCv    | Entered an ice cave
 49130 | IceCv    | Reached skill level 16 in Conjurations
 49247 | IceCv    | Identified the ring "Buluppur" {rElec rPois rF+}
 50216 | IceCv    | Reached skill level 9 in Fire Magic
 50221 | IceCv    | Reached skill level 9 in Ice Magic
 50863 | IceCv    | Noticed an Ice Fiend
 50864 | IceCv    | --ow
 50872 | IceCv    | Killed an Ice Fiend
 51521 | IceCv    | Identified the +0 hat "Xeerojar" {rC+ Int+4}
 52912 | Snake:2  | Identified the +2 pair of gloves "Yleymualo" {+Inv rF++
                  | Int-2 Slay+2}
 53311 | Snake:3  | --oh good, Brilliance got gutted :-\
 53605 | Snake:3  | Reached XP level 18. HP: 107/107 MP: 30/36
 54004 | Snake:3  | Reached skill level 10 in Fire Magic
 54015 | Snake:3  | Reached skill level 10 in Ice Magic
 54491 | Snake:3  | Noticed Agnes
 54498 | Snake:3  | Killed Agnes
 54580 | Snake:3  | Noticed Aizul
 54584 | Snake:3  | Found a glowing silver altar of Zin.
 54821 | Snake:3  | Found Sessu's Weapon Shoppe.
 54898 | Snake:3  | Killed Aizul
 55333 | Snake:4  | Entered Level 4 of the Snake Pit
 56756 | Snake:3  | Reached skill level 17 in Conjurations
 56756 | Snake:3  | Reached skill level 11 in Ice Magic
 56917 | Snake:4  | Reached skill level 13 in Spellcasting
 57835 | Snake:4  | Got a serpentine rune of Zot
 59410 | Elf:1    | Entered Level 1 of the Elven Halls
 59541 | D:14     | Learned a level 6 spell: Starburst
 59761 | Elf:1    | Found a radiant altar of Vehumet.
 60151 | Elf:1    | Reached skill level 14 in Spellcasting
 60451 | Elf:1    | Reached XP level 19. HP: 92/112 MP: 38/39
 60591 | Elf:1    | Identified the Guide on the Volcanoes
 60944 | Elf:1    | Identified the Reference Book on Shape Shifting
 61918 | Elf:1    | Identified Jagoyras's Papyrus of Bewitchment
 62003 | Elf:1    | Identified the Almanac of Battle Magic
 62362 | Elf:1    | Reached skill level 11 in Fire Magic
 62364 | Elf:1    | Identified the Tome of Stones
 62624 | Elf:1    | Reached skill level 18 in Conjurations
 62868 | Elf:1    | Identified the Disquisition on Feathers
 62891 | Elf:1    | Learned a level 8 spell: Ignition
 62949 | Elf:2    | Found Haraifi's Magic Scroll Boutique.
 62977 | Elf:2    | Identified the Catalogue of Bewitchment and Cold
 62982 | Elf:2    | Bought a scroll of teleportation for 30 gold pieces
 63128 | Elf:2    | Reached skill level 15 in Spellcasting
 63276 | Elf:2    | Noticed Donald
 63282 | Elf:2    | Killed Donald
 63398 | Elf:2    | Found a shimmering altar of Xom.
 63761 | Elf:2    | Found a huge runed translucent gate.
 63761 | Elf:2    | Found a huge runed translucent gate.
 63761 | Elf:2    | Found a huge runed translucent gate.
 63761 | Elf:2    | Found a huge runed translucent gate.
 63762 | Elf:2    | Found a huge runed translucent gate.
 64364 | Elf:2    | HP: 27/112 [+1 vampiric lajatang (42)]
 65168 | Elf:3    | Entered Level 3 of the Elven Halls
 65430 | Elf:3    | Reached skill level 12 in Fire Magic
 66263 | Elf:3    | Reached skill level 16 in Spellcasting
 66265 | Elf:3    | Reached XP level 20. HP: 117/117 MP: 17/42
 67457 | Elf:3    | Identified the +0 leather armour "Wobb" {Dex+6}
 67677 | Elf:3    | Identified the +7 morningstar "Kufuh" {flame, +Blink rElec
                  | Dex-5}
 67677 | Elf:3    | Identified the amulet "Ybai" {RegenMP *Drain rElec Will-
                  | Str+6 Dex+2}
 67679 | Elf:3    | Identified the +6 eveningstar "Xodwodio" {protect, *Noise
                  | +Rage rElec SInv}
 67724 | Elf:3    | Identified the ring "Pitopyem" {+Fly rElec Will- MP+9
                  | Dex+9}
 67725 | Elf:3    | Identified the ring "Jearilob" {rPois Str+6}
 67861 | Elf:3    | --let's get silly
 67904 | Elf:3    | Identified the ring "Ankekoq" {*Drain rN+ Str+4 Dex+4}
 67923 | Elf:3    | Reached skill level 19 in Conjurations
 67927 | Elf:3    | Identified the +8 short sword of Lasty's Dismemberment
                  | {vorpal, Int+2 Stlth+}
 67931 | Elf:3    | Reached skill level 13 in Fire Magic
 68067 | Elf:3    | Identified the +1 scale mail of the Unbroken {Regen+ Int+2}
 68456 | Vaults:1 | Entered Level 1 of the Vaults
 69463 | Vaults:1 | Reached skill level 17 in Spellcasting
 69786 | Vaults:1 | Noticed Saint Roka
 69791 | Vaults:1 | Killed Saint Roka
 70883 | Vaults:1 | You fall into a shaft and drop 1 floor!
 71676 | Vaults:2 | Reached skill level 14 in Fire Magic
 72016 | Vaults:2 | Reached XP level 21. HP: 122/122 MP: 44/44
 72334 | Vaults:2 | Found a portal to a secret trove of treasure.
 72561 | Vaults:1 | Identified the +0 buckler "Inua" {Will+ Int+5}
 73398 | Vaults:3 | Reached skill level 18 in Spellcasting
 74363 | Vaults:3 | Found a staircase to the Crypt.
 74465 | Vaults:3 | Found Uterr's Book Boutique.
 74523 | Vaults:3 | Reached skill level 20 in Conjurations
 74833 | Vaults:3 | Reached skill level 15 in Fire Magic
 75454 | Vaults:4 | Reached skill level 19 in Spellcasting
 77606 | Vaults:4 | Reached skill level 16 in Fire Magic
 77989 | Depths:1 | Entered Level 1 of the Depths
 77992 | Depths:1 | Reached XP level 22. HP: 97/127 MP: 43/47
 78725 | Depths:1 | Reached skill level 20 in Spellcasting
 79637 | Depths:1 | Reached skill level 17 in Fire Magic
 80195 | Depths:1 | Noticed Nikola
 80202 | Depths:1 | Killed Nikola
 80619 | Depths:1 | Reached skill level 18 in Fire Magic
 81059 | Depths:1 | Found a runed translucent door.
 81065 | Depths:1 | Found the +10 zealot's sword {holy, *Rage rN+ EV+3}
 81178 | Depths:1 | Found Gycaets's Magic Scroll Shoppe.
 81247 | Depths:1 | Found a gateway to a ziggurat.
 81467 | Depths:1 | Found a glowing silver altar of Zin.
 81846 | Depths:1 | Found a gateway to Hell.
 82735 | Vaults:2 | You paid a toll of 2 scrolls of acquirement to enter a
                  | treasure trove
 82736 | Trove    | Entered a treasure trove
 82749 | Trove    | Identified the ring of Yfiot {rC+ SInv}
 82751 | Trove    | Identified the ring "Remmapp" {rElec Will+}
 82755 | Trove    | Identified the ring "Jywa" {rF+++ rC- Str+6 Int-3 Dex+5}
 82757 | Trove    | Identified the ring "Lecanuom" {rElec rPois rC+ rN+ Dex-5}
 82763 | Trove    | Identified the ring of Lucidity {*Slow rC+ Int+2 Dex+4}
 83369 | Depths:2 | Reached skill level 19 in Fire Magic
 83647 | Depths:2 | Noticed a juggernaut
 83651 | Depths:2 | Killed a juggernaut
 83779 | Depths:2 | Identified the +7 hand axe of the Ancients {holy, rPois rC+
                  | MP-9}
 84090 | Depths:3 | Reached XP level 23. HP: 132/132 MP: 15/49
 84824 | Depths:3 | Reached skill level 20 in Fire Magic
 85425 | Depths:3 | Noticed Louise
 85432 | Depths:3 | Killed Louise
 85446 | Depths:3 | Found a one-way gate to the infinite horrors of the Abyss.
 85750 | Depths:3 | Found Ryirut's Jewellery Boutique.
 86267 | Depths:3 | Found a one-way gate leading to the halls of Pandemonium.
 86515 | Depths:4 | Noticed Sojobo
 86520 | Depths:4 | Killed Sojobo
 86932 | Depths:4 | Found Vygaor's Book Shoppe.
 87123 | Depths:4 | Found Juepelee's Magic Scroll Shoppe.
 87258 | Depths:4 | Found a transporter.
 87258 | Depths:4 | Found a corrupted altar of Lugonu.
 87393 | Depths:4 | Found a transporter.
 87602 | Depths:4 | Identified the ring of Onocaa {rPois Will+ Str+6 Slay-6}
 87638 | Depths:4 | Identified the +8 shortbow "Omen" {flame, +Fly Will+}
 87776 | Depths:4 | Reached skill level 11 in Fighting
 88353 | Depths:5 | Entered Level 5 of the Depths
 88710 | Depths:5 | Noticed a caustic shrike
 88720 | Depths:5 | Noticed a caustic shrike
 88727 | Depths:5 | Killed a caustic shrike
 88729 | Depths:5 | Noticed a caustic shrike
 88999 | Depths:5 | Noticed a caustic shrike
 89137 | Depths:5 | Killed a caustic shrike
 89138 | Depths:5 | Reached XP level 24. HP: 128/140 MP: 24/49
 89605 | Depths:5 | Noticed a juggernaut
 89611 | Depths:5 | Reached skill level 21 in Fire Magic
 89619 | Depths:5 | Killed a juggernaut
 89620 | Depths:5 | Reached skill level 21 in Conjurations
 90155 | Depths:5 | Found a gate to the Realm of Zot.
 90576 | Depths:5 | Found Sahiri's Antique Armour Shop.
 90916 | Depths:5 | Found an opulent altar of Gozag.
 91353 | Orc:2    | Bought the +2 robe of Vines {NoPotionHeal Regen+++} for
                  | 1040 gold pieces
 91353 | Orc:2    | Found the +2 robe of Vines {NoPotionHeal Regen+++}
 91583 | Vaults:5 | Entered Level 5 of the Vaults
 91585 | Vaults:5 | Reached skill level 12 in Fighting
 91759 | Vaults:5 | Identified the amulet of Ycryhats {Faith rF+}
 92245 | Vaults:5 | Noticed a dread lich
 92249 | Vaults:5 | Killed a dread lich
 92869 | Vaults:5 | Noticed an ancient lich
 92878 | Vaults:5 | Identified the +2 leather armour of the Salamander {+Inv
                  | MP+9}
 92914 | Vaults:5 | Killed an ancient lich
 93217 | Vaults:5 | Reached XP level 25. HP: 137/148 MP: 1/49
 93391 | Vaults:5 | Reached skill level 13 in Fighting
 93391 | Vaults:5 | Reached skill level 22 in Conjurations
 93391 | Vaults:5 | Reached skill level 22 in Fire Magic
 94209 | Vaults:5 | Got a silver rune of Zot
 94821 | Vaults:5 | Noticed a dread lich
 94824 | Vaults:5 | Killed a dread lich
 95185 | Vaults:5 | Identified the Disquisition on Creative Earth
 95196 | Vaults:5 | Identified Akki's Guide on Dusty Black Rites
 95396 | Vaults:5 | Learned a level 2 spell: Blink
 96365 | D:4      | Bought a scroll of blinking for 150 gold pieces
 96768 | Zot:1    | Entered Level 1 of the Realm of Zot
 98062 | Zot:1    | Reached skill level 14 in Fighting
 99046 | Zot:2    | Reached skill level 23 in Conjurations
 99046 | Zot:2    | Reached skill level 23 in Fire Magic
 99047 | Zot:2    | Noticed an orb of fire
100079 | Zot:2    | Killed an orb of fire
100681 | Zot:2    | Identified the +1 leather armour of Reason {*Contam rN++
                  | Dex+6}
101635 | Zot:3    | Reached skill level 15 in Fighting
101855 | Zot:3    | Identified the +0 plate armour of the Trees {Will+}
103507 | Zot:4    | Found a runed translucent door.
103508 | Zot:4    | Noticed Osiadgh's ghost (legendary GnFi)
103700 | Zot:4    | Noticed a Killer Klown
103707 | Zot:4    | Killed a Killer Klown
103715 | Zot:4    | Reached skill level 24 in Conjurations
103860 | Zot:4    | Reached skill level 24 in Fire Magic
105319 | Zot:4    | Noticed an ancient lich
105325 | Zot:4    | Killed an ancient lich
105623 | Zot:4    | Reached skill level 16 in Fighting
105791 | Zot:4    | Identified the +7 plate armour of Inquiry {rF- rN+ Regen+}
105942 | Zot:5    | Entered Level 5 of the Realm of Zot
106873 | Zot:5    | Noticed an ancient lich
106879 | Zot:5    | Killed an ancient lich
107100 | Zot:5    | Noticed an ancient lich
107104 | Zot:5    | Killed an ancient lich
107117 | Zot:5    | Noticed an orb of fire
107150 | Zot:4    | Reached skill level 25 in Conjurations
107309 | Zot:5    | Killed an orb of fire
107370 | Zot:5    | Noticed a Killer Klown
107372 | Zot:5    | Noticed an orb of fire
107373 | Zot:5    | Noticed a dread lich
107373 | Zot:5    | Noticed an ancient lich
107390 | Zot:5    | Gained mutation: Your body sometimes deteriorates upon
                  | taking damage. [an orb of fire]
107392 | Zot:5    | Killed an orb of fire
107395 | Zot:5    | Killed an ancient lich
107562 | Zot:5    | Killed a Killer Klown
107649 | Zot:5    | Noticed a Killer Klown
107655 | Zot:5    | Killed a dread lich
107656 | Zot:5    | Reached skill level 17 in Fighting
107747 | Zot:5    | Killed a Killer Klown
107879 | Zot:5    | Noticed a Killer Klown
107884 | Zot:5    | Killed a Killer Klown
107956 | Zot:5    | Noticed an ancient lich
107960 | Zot:5    | Killed an ancient lich
108104 | Zot:5    | Noticed a dread lich
108109 | Zot:5    | Killed a dread lich
108115 | Zot:5    | Identified the +1 cloak of Qosta {Harm rPois rF+++ Stlth-}
108546 | Zot:5    | Noticed an orb of fire
108626 | Zot:5    | Killed an orb of fire
108909 | Zot:5    | Got the Orb of Zot
108921 | Zot:5    | Reached skill level 26 in Conjurations
109147 | Depths:4 | Noticed Wigirch the pandemonium lord
109150 | Depths:4 | Killed Wigirch the pandemonium lord
109503 | D:2      | Noticed Soerr the pandemonium lord
109531 | D:$      | Escaped with the Orb!

Levels and vault maps discovered:
D:1:      dpeg_arrival_lava_temple_mockup, layout_rooms
D:2:      layout_loops_ring, grunt_gozag_statues
D:3:      layout_basic, grunt_dithmenos_smoke_and_mirrors, solitary_fountain,
          amcnicky_altar_gilded, uniq_terence
D:4:      layout_rooms, nicolae_qazlal_eye_of_the_storm,
          nicolae_ashenzari_skybound, serial_shops, nicolae_shop_crystal
D:5:      layout_rooms, minmay_temple_entry_slanted, gup_sewer_entry_spiral,
          enter_ossuary_5, palyth_stone_intersect
D:6:      layout_basic, lemuel_doored_altar, ebering_ghost_inner_flame,
          skrybe_limestone_x, uniq_pikel
D:7:      minmay_the_grid_square_5x5_3x3 [minmay_the_grid_square_5x5_n,
          minmay_the_grid_square_5x5_checkered_sparse,
          minmay_the_grid_square_5x5_minimal, minmay_the_grid_square_5x5_inset,
          minmay_the_grid_square_5x5_megaprize_checkered,
          minmay_the_grid_square_5x5_n_small, minmay_the_grid_square_5x5_bridge,
          minmay_the_grid_square_5x5_inner_i, minmay_the_grid_square_5x5_slash],
          layout_cave_pools, vehumet_crystals, serial_bayou_pond_d,
          nemelex_xobeh_ov_fountains_minmay
D:8:      minmay_distorted_concentric_squares, layout_basic,
          minmay_manual_mares, uniq_gastronok
D:9:      layout_stronghold, kiku_gazebo_garden_becter, demons_altar,
          marbit_many_paths, basic_altar, nicolae_two_hexagons
D:10:     layout_layer_cave, serial_bayou, serial_bayou_pond_d,
          serial_bayou_ford_a, serial_bayou_shore_a, serial_bayou_lagoon_a,
          serial_bayou_shore_b, okawaru_trees_2, uniq_joseph
D:11:     layout_irregular_city, erik_lair_dragon
D:12:     layout_irregular_city, orc_0_dummy, onia_ninara_cookie, uniq_nessos
D:13:     layout_roguey
D:14:     layout_roguey, lightli_vaults_fourway_checkpoint,
          minmay_strange_pillars, serial_bayou_pond_c, serial_park_tiny_pond
D:15:     hangedman_depths_entry_try_elsewhere_first, layout_cave_pools,
          tgw_sif, hangedman_decor_slide_cut, minmay_hidden_floor
Temple:   nicolae_temple_no_exploring_needed
Lair:1:   layout_hall_layers, gammafunk_lair_bear_cave
Lair:2:   regret_index_bee_streams, layout_misc_corridors,
          minmay_shoals_entry_hut, dummy_snake_entry
Lair:3:   layout_small_grid, beast_lair_carwin_10, grunt_megastairs_1,
          infiniplex_staircase_pool, lemuel_fruit_tree
Lair:4:   layout_roguey, nicolae_volcano_entry_hallway, grunt_megastairs_3,
          infiniplex_staircase_pool_2
Lair:5:   layout_long_grid, dpeg_slime_entry_corner
Lair:6:   evilmike_catoblepas_cave, layout_gridlike
Shoals:1: layout_shoals, nicolae_shoals_water_elemental_grotto
Shoals:2: nicolae_shoals_island_circles, layout_shoals, serial_shops,
          bzr_entry_gold
Shoals:3: cheibrodos_shoals_epimethial_gifts, layout_shoals,
          nicolae_shoals_drake_roost, uniq_ilsuiw, uniq_polyphemus
Shoals:4: shoals_end_grunt_ice, layout_shoals
Snake:1:  layout_onion, basic_altar, serial_shops, shop, drop_trap,
          grunt_megastairs_4
Snake:2:  kennysheep_six_static_rooms, layout_chambers,
          portal_ice_cave_entry_pillars_three
Snake:3:  layout_rooms, serial_shops, nicolae_shop_stone, basic_altar,
          lemuel_oklob_altar, uniq_agnes, uniq_aizul
Snake:4:  snake_pit, layout_cave_town
Orc:1:    gammafunk_beogh_shrine, layout_caves, serial_shops, shop
Orc:2:    st_orc_rangers, layout_caves, serial_shops, nicolae_shop_statue_plus
Elf:1:    eino_elf_arrival_altar, layout_gridlike, serial_hangedman_research,
          hangedman_research_metamorphosis, hangedman_research_geology,
          hangedman_research_probablistics, hangedman_research_pyrotechnics,
          hangedman_research_electronics, minmay_elf_annihilation
Elf:2:    layout_geoelf_octagon, serial_shops, shop, basic_altar, uniq_donald
Elf:3:    minmay_elf_hall_furrowed, layout_onion_city
Vaults:1: vaults_mumra_hex, ontoclasm_vaults_chip,
          vaults_room_hangedman_quadrants, nicolae_vaults_little_squares_6,
          v_misc_16, grunt_vaults_bifocal, vaults_room_stairs_pillars,
          v_misc_10, vaults_room_corners, nicolae_vaults_network_square,
          hangedman_vaults_slice, nicolae_vaults_diagonal_hallway_6,
          vaults_room_door_ring, ontoclasm_vaults_idyll, vaults_room_door_ring,
          layout_vaults_omnicross, uniq_saint_roka
Vaults:2: vaults_room_octagon, v_misc_17, nicolae_vaults_big_angled_halls,
          st_lines, v_pattern_4, vaults_dpeg_encased_lava,
          layout_vaults_quadrants, enter_trove_3
Vaults:3: minmay_crypt_entry_simple_statues, nicolae_vaults_little_squares_1,
          nicolae_vaults_three_branches, v_alt_pattern_6,
          ontoclasm_vaults_decontamination, dpeg_vaults_monster_box,
          nicolae_vaults_specimen_jars, layout_vaults_big_room, serial_shops,
          shop_coins
Vaults:4: nicolae_vaults_little_squares_6, vaults_room_grunt_arrival_ludios,
          ontoclasm_vaults_shuriken, nicolae_vaults_circle_grid_b,
          ontoclasm_vaults_tryst, hangedman_vaults_nails,
          vaults_mumra_minichess, nicolae_vaults_rhombus_7,
          nicolae_vaults_little_squares_4, nicolae_vaults_mini_display_case,
          ontoclasm_vaults_eye, layout_vaults_maze_snakey
Vaults:5
Depths:1: nzn_winding_woodlands_large [nzn_winding_woodlands_5x5_cross,
          nzn_winding_woodlands_5x15_twine, nzn_winding_woodlands_5x5_open_star,
          nzn_winding_woodlands_center_diamonds,
          nzn_winding_woodlands_15x15_five_gardens,
          nzn_winding_woodlands_center_pierced_h,
          nzn_winding_woodlands_5x5_perimeter,
          nzn_winding_woodlands_5x15_sidewinder,
          nzn_winding_woodlands_5x5_closed_star], layout_basic,
          enter_ziggurat_f, serial_shops, nicolae_shop_stone,
          grunt_hell_entry_dis_old, kennysheep_flooded_box,
          minmay_misc_feat_ornament, grunt_ministairs_1, drop_trap,
          roderic_cross_of_infinity, chequers_jeans, minmay_misc_feat_room,
          kennysheep_treasure_room, uniq_nikola
Depths:2: cheibrodos_hall_of_evolution, layout_twisted_cross,
          pf_vacation_house_of_asmodeus, kennysheep_diamond,
          minmay_misc_feat_iff, infiniplex_staircase_x
Depths:3: evilmike_pillar_path, layout_gridlike,
          nicolae_abyss_entry_one_way_or_another, serial_shops, shop,
          hell_entry, abandoned_shop, pan_entry
Depths:4: gammafunk_corrupted_shrine, layout_small_grid, serial_shops,
          kennysheep_little_box, kennysheep_mini_moat, abyss_entry,
          grunt_hell_horde, rand_demon_pan_entry_1, drop_trap,
          minmay_staircase_bubble, uniq_sojobo
Depths:5: grunt_zot_entry_bicorn, layout_cave_pools, old_standard_altar,
          pf_hell_entry_tar_spiral, serial_shops, nicolae_shop_window_shopping,
          hangedman_decor_points, grunt_megastairs_2
Zot:1:    layout_gridlike, st_stairs_12
Zot:2:    layout_basic
Zot:3:    layout_twisted_circle
Zot:4:    kennysheep_blocky_room, layout_twisted_circle, gammafunk_ghost_grave,
          hangedman_player_shredder
Zot:5:    layout_cellular_growth

Action                   |  1- 3 |  4- 6 |  7- 9 | 10-12 | 13-15 | 16-18 | 19-21 | 22-24 | 25-27 || total
-------------------------+-------+-------+-------+-------+-------+-------+-------+-------+-------++-------
Melee: Dagger            |     1 |    58 |   175 |       |       |       |       |       |       ||   234
       Staff             |       |       |    11 |       |    46 |    41 |    45 |    46 |    27 ||   216
       Trident           |       |       |    91 |   201 |   208 |    16 |       |       |       ||   516
Throw: Throwing net      |       |       |     1 |       |       |       |       |       |       ||     1
       Dart              |       |       |       |     3 |    17 |       |       |       |       ||    20
 Cast: Pain              |    65 |   139 |   306 |   661 |   277 |       |       |       |       ||  1448
       Animate Skeleton  |     2 |    27 |    32 |     4 |       |       |       |       |       ||    65
       Vampiric Draining |       |    25 |    57 |   174 |   176 |    20 |       |     1 |       ||   453
       Animate Dead      |       |       |       |    15 |     1 |       |       |       |       ||    16
       Agony             |       |       |       |    41 |   187 |     6 |       |       |       ||   234
       Summon Ice Beast  |       |       |       |       |     1 |       |       |       |       ||     1
       Fireball          |       |       |       |       |   335 |   462 |    49 |     1 |     2 ||   849
       Orb of Destructio |       |       |       |       |       |   190 |   373 |   366 |   371 ||  1300
       Bolt of Magma     |       |       |       |       |       |    20 |    64 |    56 |   147 ||   287
       Freezing Cloud    |       |       |       |       |       |    17 |    23 |     5 |       ||    45
       Ignition          |       |       |       |       |       |       |    19 |    53 |    66 ||   138
       Starburst         |       |       |       |       |       |       |     8 |     7 |       ||    15
       Ozocubu's Refrige |       |       |       |       |       |       |       |     8 |     1 ||     9
       Blink             |       |       |       |       |       |       |       |       |     2 ||     2
Invok: Sacrifice Experie |       |       |     1 |       |       |       |       |       |       ||     1
       Sacrifice Durabil |       |       |     1 |       |       |       |       |       |       ||     1
       Sacrifice Skill   |       |       |       |     1 |       |       |       |       |       ||     1
       Reject Sacrifices |       |       |       |     1 |       |       |       |       |       ||     1
       Power Leap        |       |       |       |     1 |     5 |     6 |       |       |       ||    12
       Sacrifice Love    |       |       |       |       |     1 |       |       |       |       ||     1
       Apocalypse        |       |       |       |       |     1 |       |       |       |       ||     1
       Draw Out Power    |       |       |       |       |       |     5 |     2 |     3 |     3 ||    13
Evoke: Phial of floods   |       |       |     1 |     1 |       |     2 |       |       |       ||     4
       Condenser vane    |       |       |     1 |     1 |     2 |     3 |     1 |       |       ||     8
       Wand              |       |       |       |     2 |     6 |    10 |       |       |     1 ||    19
       Tin of tremorston |       |       |       |       |       |     2 |       |     2 |       ||     4
  Use: Scroll            |       |     9 |    10 |    14 |    10 |     7 |     3 |     1 |     7 ||    61
       Potion            |       |       |     1 |       |     1 |     3 |     1 |     2 |     1 ||     9
 Stab: Sleeping          |       |       |     1 |     2 |       |       |       |       |       ||     3
       Distracted        |       |       |     1 |     2 |       |       |     2 |       |       ||     5
       Invisible         |       |       |     1 |     1 |     1 |       |     2 |       |       ||     5
       Paralysed         |       |       |       |       |       |     1 |       |       |       ||     1
Armor: Robe              |     1 |    26 |    60 |   124 |    12 |       |       |     1 |    17 ||   241
       Leather armour    |       |       |       |       |   199 |    48 |    20 |    23 |       ||   290
Dodge: Dodged            |     5 |    87 |   246 |   612 |   647 |   225 |   184 |   143 |   151 ||  2300
       Repelled          |       |       |     2 |     7 |     4 |    21 |     6 |     5 |    18 ||    63
Block: Buckler           |       |    26 |   144 |   312 |   373 |   122 |    80 |    67 |    69 ||  1193
       Reflection        |       |       |     7 |    13 |    30 |    51 |    47 |    24 |    22 ||   194
